 Seeded DCSS version 0.27-a0-660-g90476cec82 (webtiles) character file.

Game seed: 314159265359 (custom seed)

32 Snicker the Sneak (level 3, -2/27 HPs)
             Began as a Demonspawn Brigand on Mar 16, 2021.
             Slain by Natasha (4 damage)
             ... on level 2 of the Dungeon.
             The game lasted 00:01:39 (1425 turns).

Snicker the Sneak (Demonspawn Brigand)              Turns: 1425, Time: 00:01:40

Health: -2/27      AC:  3    Str: 11    XL:     3   Next: 10%
Magic:  3/3        EV: 11    Int: 12    God:
Gold:   57         SH:  0    Dex: 15    Spells: 2/2 levels left

rFire    . . .     SeeInvis .   a - +2 dagger
rCold    . . .     Faith    .   (no shield)
rNeg     . . .     Spirit   .   b - +0 robe
rPois    .         Reflect  .   (no helmet)
rElec    .         Harm     .   c - +0 cloak
rCorr    .         Rampage  .   (no gloves)
Will     .....                  (no boots)
Stlth    +++.......             (no amulet)
HPRegen  0.09/turn              h - +4 ring of slaying
MPRegen  0.08/turn              (no ring)

@: no status effects
A: foul stench 1, powered by death 1
a: no special abilities


You were on level 2 of the Dungeon.
You visited 1 branch of the dungeon, and saw 2 of its levels.

You collected 57 gold pieces.

Inventory:

Hand Weapons
 a - a +2 dagger (weapon)
Missiles
 d - 8 poisoned darts (quivered)
 e - 2 curare-tipped darts
Armour
 b - a +0 robe (worn)
 c - a +0 cloak (worn)
 p - a +0 pair of gloves
Jewellery
 h - a +4 ring of slaying (right hand)
Scrolls
 f - a scroll of blinking {unknown}
 g - a scroll of magic mapping {unknown}
 i - a scroll of immolation {unknown}
 j - a scroll of identify {unknown}
 k - a scroll of fear {unknown}
 l - 2 scrolls of enchant armour {unknown}
 o - a scroll of teleportation {unknown}
Potions
 m - a potion of invisibility {unknown}
 n - 2 potions of curing {unknown}


   Skills:
 + Level 2.0 Fighting
 * Level 1.9 Short Blades
 + Level 1.8 Throwing
 + Level 1.0 Dodging
 * Level 4.6 Stealth


You had 2 spell levels left.
You didn't know any spells.
Your spell library was empty.

Dungeon Overview and Level Annotations

Branches:
Dungeon (2/15)

Altars:
Fedhas
Nemelex Xobeh

Annotations:
D:2 Natasha


Innate Abilities, Weirdness & Mutations

You may rarely emit foul miasma when damaged in melee.
You regenerate a little health from kills.


Message History

You closely miss the bat. The bat barely misses you.
The bat hits you but does no damage.
You hit the bat.
The bat is heavily wounded.
The bat closely misses you. The bat hits you but does no damage.
You hit the bat.
You kill the bat!
You start resting.
HP restored.
You start waiting.
Done waiting.
Found an escape hatch in the ceiling.
n - 2 inky potions (gained 1)
A hobgoblin comes into view.
Found a silvery potion.
The hobgoblin shouts!
Natasha, Servant of Life and Death comes into view.
You closely miss the hobgoblin. The hobgoblin hits you.
The hobgoblin hits you but does no damage.
Natasha hisses angrily.
You puncture the hobgoblin!
You kill the hobgoblin!
Natasha casts a spell.
The crimson imp closely misses you.
You barely miss the crimson imp. You puncture Natasha!
Natasha is heavily wounded.
The crimson imp hits you. Natasha claws you!
You closely miss Natasha.
Natasha is moderately wounded.
The crimson imp hits you.
You emit a cloud of foul miasma!
Natasha claws you.
You closely miss Natasha.
Natasha is moderately wounded.
The crimson imp hits you but does no damage.
Natasha claws you!
* * * LOW HITPOINT WARNING * * *
You hit Natasha.
Natasha is heavily wounded.
The crimson imp misses you. Natasha claws you.
You die...

.... ....... .....
#....... ..... #.....#
#....... #.... #.....#
#....... .#.... #.....#
#....... ......##.....#
#....... .##........#
####.......
...........###..........
......h@................
.####.5..............###
.......................
####!..................
........#.#..........
.........#....≈≈≈.....
..........+..≈≈≈≈≈≈≈..#
#...........≈≈≈≈≈≈≈≈≈..
..≈≈≈≈≈≈≈≈≈≈≈.


You could see Natasha and a crimson imp (summoned).

Vanquished Creatures
  An adder (D:2)
  A ball python (D:1)
  2 bats
  6 hobgoblins
  3 jackals (D:1)
  A quokka (D:2)
  2 frilled lizards (D:2)
  A goblin (D:2)
  A kobold (D:1)
  4 rats
22 creatures vanquished.

Notes
Turn   | Place    | Note
-------+----------+-------------------------------------------
     0 | D:1      | Snicker the Demonspawn Brigand began the quest for the Orb.
     0 | D:1      | Reached XP level 1. HP: 16/16 MP: 1/1
   284 | D:1      | Reached skill level 4 in Stealth
   347 | D:1      | Gained mutation: You regenerate a little health from kills.
                  | [demonic ancestry]
   347 | D:1      | Reached XP level 2. HP: 18/22 MP: 2/2
   970 | D:1      | Found a sparkling altar of Nemelex Xobeh.
  1152 | D:2      | Reached skill level 1 in Dodging
  1164 | D:2      | Found a blossoming altar of Fedhas.
  1179 | D:2      | Gained mutation: You may rarely emit foul miasma when
                  | damaged in melee. [demonic ancestry]
  1179 | D:2      | Reached XP level 3. HP: 17/27 MP: 3/3
  1416 | D:2      | Noticed Natasha
  1425 | D:2      | Slain by Natasha

Illustrated notes

Levels and vault maps discovered:
D:1:      evilmike_arrival_fibonacci_small, layout_basic,
          nemelex_diamond_rough_becter
D:2:      layout_basic, fedhas_ov_isle_minmay, uniq_jessica, uniq_natasha,
          uniq_crazy_yiuf_cottage

Skill      XL: |  1  2 |
---------------+-------+-----
Stealth        | 4 |  4.6
Dodging        | 1 |  1.0
Fighting       | |  2.0
Short Blades   | |  1.9
Throwing       | |  1.8

Action                   || total
-------------------------++-------
Melee: Dagger            ||    56
 Stab: Sleeping          ||     3
Armor: Robe              ||    27
Dodge: Dodged            ||    47

Table legend: (Time is in decaauts)
 A = Elapsed time spent in this place.
 B = Non-inter-level travel time spent in this place.
 C = Inter-level travel time spent in this place.
 D = Time resting spent in this place.
 E = Time spent auto-exploring this place.
 F = Levels seen in this place.
 G = Mean time per level.
                   A        B        C        D        E       F      G
               +--------+--------+--------+--------+--------+-----+--------+
         Total |   1419 |   1403 |     16 |    198 |   1009 |   2 |  709.5 |
       Dungeon |   1419 |   1403 |     16 |    198 |   1009 |   2 |  709.5 |
               +--------+--------+--------+--------+--------+-----+--------+

Top non-repeatable levels by time:
     D:1: 1018 daAuts
     D:2: 400 daAuts
